 Dungeon Crawl Stone Soup version 0.30.0-18-gc0e69614cb (webtiles) character file.

Game seed: 15129931036500580528

42 Bnni the Grave Robber (level 3, -3/26 HPs)
             Began as a Demonspawn Necromancer on May 24, 2023.
             Slain by Pargi (5 damage)
             ... on level 3 of the Dungeon.
             The game lasted 00:02:56 (2166 turns).

Bnni the Grave Robber (Demonspawn Necromancer)      Turns: 2166, Time: 00:02:56

Health: -3/26      AC:  8    Str:  8    XL:     3   Next: 35%
Magic:  1/6        EV: 12    Int: 18    God:
Gold:   122        SH:  0    Dex: 13    Spells: 2/6 levels left

rFire   . . .        g - +0 dagger
rCold   . . .        (no shield)
rNeg    . . .        a - +0 robe
rPois   .            (no helmet)
rElec   .            (no cloak)
rCorr   .            (no gloves)
SInv    .            (no boots)
Will    .....        (no amulet)
Stlth   ++           (no ring)
HPRegen 0.24/turn    (no ring)
MPRegen 0.10/turn

%: no passive effects
@: sanguine armoured
A: ignite blood 1, sanguine armour 1
a: no special abilities


You were on level 3 of the Dungeon.
You visited 1 branch of the dungeon, and saw 3 of its levels.

You collected 122 gold pieces.

Inventory:

Hand Weapons
 g - a +0 dagger (weapon)
Armour
 a - a +0 robe (worn)
 e - a +0 leather armour
 l - a +0 ring mail
Magical Staves
 j - a staff of conjuration
Scrolls
 c - a scroll of teleportation {unknown}
 h - 4 scrolls of identify {unknown}
 m - a scroll of magic mapping {unknown}
Potions
 b - a potion of magic
 d - a potion of cancellation {unknown}
 f - 3 potions of curing {unknown}
 i - a potion of resistance {unknown}


   Skills:
 + Level 1.2 Fighting
 - Level 1.7 Dodging
 - Level 1.7 Stealth
 + Level 2.4 Spellcasting
 * Level 5.1 Necromancy


You had 2 spell levels left.
You knew the following spells:

 Your Spells              Type           Power      Damage    Failure   Level
a - Necrotise             Necr           80%        1d8       1%          1
c - Vampiric Draining     Necr           20%        2d7       6%          3

Your spell library contained the following spells:

 Spells                   Type           Power      Damage    Failure   Level
 Animate Dead             Necr           20%        N/A       21%         4
 Agony                    Necr           20%        N/A       50%         5
 Cause Fear               Hex            1%         N/A       86%         4
 Dragon Form              Tmut           1%         N/A       100%        7
 Dragon's Call            Summ           1%         N/A       100%        9


Dungeon Overview and Level Annotations

Branches:
Dungeon (3/15)

Altars:

Annotations:
D:3 Pargi


Innate Abilities, Weirdness & Mutations

Your demonic aura sometimes causes spilled blood to erupt in flames.
When seriously injured, your blood forms armour. (AC +6)


Message History

Pargi looks around nervously.
Pargi bites you but does no damage. Pargi claws you but does no damage.
Pargi misses you.
Throw: 4 darts (poison)
Press: ? - help, Shift-Dir - straight line, f/p - Pargi
Aim: Pargi (moderately wounded, 47% to hit)
You throw a poisoned dart. The poisoned dart closely misses Pargi.
Pargi bites you. Pargi claws you. x2
Throw: 3 darts (poison)
Press: ? - help, Shift-Dir - straight line, f/p - Pargi
Aim: Pargi (moderately wounded, 47% to hit)
You throw a poisoned dart. The poisoned dart hits Pargi.
Pargi is poisoned.
Pargi is moderately wounded.
Pargi bites you. Pargi misses you. Pargi claws you but does no damage.
Throw: 2 darts (poison)
Press: ? - help, Shift-Dir - straight line, f/p - Pargi
Aim: Pargi (moderately wounded, poisoned, 47% to hit)
You throw a poisoned dart. The poisoned dart closely misses Pargi.
Pargi bites you. Pargi closely misses you. Pargi claws you but does no damage.
Throw: dart (poison)
Press: ? - help, Shift-Dir - straight line, f/p - Pargi
Aim: Pargi (lightly wounded, poisoned, 47% to hit)
You throw a poisoned dart. The poisoned dart hits Pargi.
Pargi looks even sicker.
Pargi is lightly wounded.
Pargi bites you.
* * * LOW HITPOINT WARNING * * *
Pargi barely misses you. Pargi closely misses you.
You closely miss Pargi.
Pargi is moderately wounded.
Pargi completely misses you. Pargi claws you.
* * * LOW HITPOINT WARNING * * *
Pargi misses you.
You hit Pargi but do no damage.
Pargi is moderately wounded.
Pargi closely misses you. Pargi claws you but does no damage. x2
You hit Pargi but do no damage.
Pargi is lightly wounded.
Pargi bites you.
You die...

#..# ...#.........# #..#
.............# #.>#
#.........##.### #...
+................ ##.#
#....#..######### +...
#..########. # .
#...........
##############.#########.
(.....(T@......# #.
....############ #. . #.
#. #. #. #. #. #<


You could see Pargi (very poisoned).

Vanquished Creatures
  A worm (D:2)
  3 orcs (D:3)
  2 endoplasms
  2 giant cockroaches (D:2)
  7 goblins
  2 hobgoblins (D:2)
  5 kobolds
  2 quokkas
  2 ball pythons
  A bat (D:1)
  5 frilled lizards
  3 rats (D:2)
35 creatures vanquished.

Notes
Turn   | Place    | Note
-------+----------+-------------------------------------------
     0 | D:1      | Bnni the Demonspawn Necromancer began the quest for the
                  | Orb.
     0 | D:1      | Reached XP level 1. HP: 13/13 MP: 3/3
   463 | D:1      | Gained mutation: When seriously injured, your blood forms
                  | armour. (AC +6) [demonic ancestry]
   463 | D:1      | Reached XP level 2. HP: 20/20 MP: 1/5
  1266 | D:2      | Reached skill level 1 in Fighting
  1498 | D:2      | Reached skill level 5 in Necromancy
  1636 | D:2      | Gained mutation: Your demonic aura sometimes causes spilled
                  | blood to erupt in flames. [demonic ancestry]
  1636 | D:2      | Reached XP level 3. HP: 26/26 MP: 4/6
  1640 | D:2      | Learned a level 3 spell: Vampiric Draining
  2146 | D:3      | Noticed Pargi
  2166 | D:3      | Slain by Pargi

Illustrated notes

Levels and vault maps discovered:
D:1:      tarquinn_simple_flora_water_c, layout_basic, kennysheep_crisscross,
          chequers_avenue, kennysheep_boxes
D:2:      layout_loops_cross
D:3:      layout_basic, mainiacjoe_overflow_two_lobes,
          dreamdust_ecumenical_altar_statues, uniq_pargi, uniq_grinder

Skill      XL: |  1  2 |
---------------+-------+-----
Fighting       | 1 |  1.2
Necromancy     | 5 |  5.1
Dodging        | |  1.7
Stealth        | |  1.7
Spellcasting   | |  2.4

Action                     || total
---------------------------++-------
  Melee: Unarmed           ||     7
         Dagger            ||    44
  Throw: Dart              ||     4
   Cast: Necrotise         ||    45
         Vampiric Draining ||     3
   Stab: Sleeping          ||     5
 Armour: Robe              ||    16
  Dodge: Dodged            ||    43
